 Dungeon Crawl Stone Soup version 0.28-a0-811-g00180f5 (webtiles) character file.

Game seed: 4395971326373979469

6519 PublicAnimeNo1 the Cleaver (level 10, -13/85 HPs)
             Began as a Palentonga Fighter on Nov 7, 2021.
             Was a High Priest of Qazlal.
             Mangled by Snorg (15 damage)
             ... on level 10 of the Dungeon on Nov 8, 2021.
             The game lasted 00:17:11 (10108 turns).

PublicAnimeNo1 the Cleaver (Palentonga Fighter)    Turns: 10108, Time: 00:17:11

Health: -13/85     AC: 23    Str: 21    XL:     10   Next: 69%
Magic:  14/14      EV: 11    Int:  8    God:    Qazlal [*****.]
Gold:   626        SH:  6    Dex: 12    Spells: 9/9 levels left

rFire   . . .      SeeInvis +   F - +4 battleaxe
rCold   . . .      Faith    .   (shield currently unavailable)
rNeg    . . .      Spirit   .   p - +0 scale mail
rPois   +          Reflect  .   (helmet restricted)
rElec   .          Harm     .   C - +0 cloak
rCorr   .          Rampage  .   o - +1 pair of gloves
Will    .....                   (no barding)
Stlth   ..........              (no amulet)
HPRegen 0.24/turn               h - ring of poison resistance
MPRegen 0.14/turn               m - +4 ring of evasion

@: protected from physical damage, studying Maces & Flails, repel missiles,
curled up
A: large, rugged brown scales 3, see invisible, deformed body, roll 1, armoured
tail, reflexive curl, horns 1, stinger 1, iridescent scales 1, high mp 1
a: Rolling Charge, Renounce Religion, Upheaval, Elemental Force, Disaster Area


You were on level 10 of the Dungeon.
You worshipped Qazlal.
Qazlal was extremely pleased with you.
You visited 1 branch of the dungeon, and saw 10 of its levels.
You also visited: Ossuary.

You collected 626 gold pieces.

Inventory:

Hand Weapons
 a - a +0 war axe
 b - a +2 whip of electrocution
 F - a +4 battleaxe (weapon)
Armour
 o - a +1 pair of gloves (worn)
 p - a +0 scale mail (worn)
 C - a +0 cloak (worn)
 D - a +0 kite shield
Jewellery
 c - a ring of protection from fire
 f - a +4 ring of slaying
 h - a ring of poison resistance (left hand)
 l - a ring of protection from cold
 m - a +4 ring of evasion (right hand)
 w - a ring of wizardry
 A - a +6 ring of strength
Wands
 i - a wand of flame (6)
 s - a wand of acid (7)
 t - a wand of iceblast (24)
Scrolls
 e - 5 scrolls of teleportation
 k - a scroll of fear
 q - a scroll of blinking
 r - a scroll of magic mapping
 u - 4 scrolls of noise
 x - a scroll of amnesia
 y - 6 scrolls of identify
 E - 2 scrolls of enchant armour
 G - a scroll of enchant weapon
Potions
 d - 6 potions of might
 g - 7 potions of curing
 j - 2 potions of brilliance
 n - 4 potions of heal wounds
 v - a potion of flight
 z - a potion of berserk rage {unknown}
 B - a potion of haste


   Skills:
 + Level 8.1 Fighting
 * Level 10.5(10.7) Axes
 - Level 2.2(7.0) Maces & Flails
 - Level 5.9 Armour
 - Level 5.8 Shields
 - Level 4.8 Invocations


You had 9 spell levels left.
You didn't know any spells.
Your spell library contained the following spells:

 Spells                   Type           Power      Damage    Failure   Level
 Magic Dart               Conj           0%         1d3       73%         1
 Sandblast                Erth           0%         2d4       73%         1
 Shock                    Conj/Air       0%         1d3       73%         1
 Slow                     Hex            0%         N/A       73%         1
 Passwall                 Tmut/Erth      0%         N/A       86%         2
 Searing Ray              Conj           0%         2d4       86%         2
 Confusing Touch          Hex            0%         N/A       97%         3
 Stone Arrow              Conj/Erth      0%         3d7       97%         3
 Swiftness                Air            0%         N/A       97%         3
 Vampiric Draining        Necr           0%         2d6       97%         3
 Airstrike                Air            0%         N/A       100%        4
 Fulminant Prism          Conj/Hex       0%         3d6       100%        4


Dungeon Overview and Level Annotations

Branches:
Dungeon (10/15)            Temple (0/1) D:5            Lair (0/6) D:10
Ossuary (visited)
    Orc: D:9-12

Altars:
Ashenzari
Fedhas
Hepliaklqana
Qazlal
Vehumet
Xom
Yredelemnul
Jiyva

Shops:
D:6 [![*

Annotations:
D:3 exclusion: oklob plant
D:8 3 runed translucent doors, jonnos's ghost, novice DrCj
D:10 Snorg


Innate Abilities, Weirdness & Mutations

You are completely covered in rugged brown scales. (AC +3, +7% HP)
You have supernaturally acute eyesight. (SInv)
Armour fits poorly on your strangely shaped body.
You can roll at nearby foes to attack.
You have a long armoured tail.
You curl defensively after being hit. (AC +7*)
You have a pair of small horns on your head.
Your tail ends in a venomous barb.
You are partially covered in iridescent scales. (AC +2)
You have an increased reservoir of magic. (+10% MP)


Message History

Okay, then.
Blink to where?
Press: ? - help, Dir - move target, p - troll
As you read the scroll of blinking, it crumbles to dust.
Aiming: Corrosive Bolt
Press: ? - help, Shift-Dir - straight line, f - troll
Aim: a troll (severely wounded, 71% to hit)
The bolt of acid hits the troll!
The acid corrodes the troll!
You kill the troll!
Qazlal accepts your kill.
The bolt of acid hits Snorg!
The acid corrodes Snorg!
Snorg is lightly wounded.
Aiming: Corrosive Bolt
Press: ? - help, Shift-Dir - straight line, f - Snorg
Aim: Snorg (lightly wounded, berserk, covered in acid, 71% to hit)
The bolt of acid hits Snorg!!
Snorg seems to be corroded for longer.
Snorg is moderately wounded.
Snorg rages.
Unknown command.
Okay, then.
You slice Snorg!! You tail-slap Snorg, but do no damage.
Snorg is moderately wounded.
Snorg bites you.
Snorg claws you but does no damage. x2; Snorg bites you.
You block Snorg's attack. Snorg claws you!
You slice Snorg!! You headbutt Snorg.
Snorg is heavily wounded.
Snorg closely misses you. You block Snorg's attack.
Snorg claws you but does no damage. Snorg barely misses you.
Snorg claws you! x2
* * * LOW HITPOINT WARNING * * *
You slash Snorg! Your headbutt misses Snorg.
Snorg is heavily wounded.
Snorg bites you!
* * * LOW HITPOINT WARNING * * *
Snorg claws you!
* * * LOW HITPOINT WARNING * * *
Snorg claws you but does no damage.
You slash Snorg! Your headbutt misses Snorg.
Snorg is heavily wounded.
Snorg bites you!
You die...

#############################
.....))........T@............
.....###############..#######
.... #..# ... #..# ..
#..######## .
######..........
<...............
#####........... #.>.########


You could see Snorg (berserk, corroded).

Vanquished Creatures
  A two-headed ogre (D:10)
  Pikel (D:5)
  Psyche (D:8)
  2 trolls
  Grinder (D:3)
  A hornet (D:9)
  3 wyverns (D:9)
  A steam dragon (D:9)
  2 vampire mosquitoes (D:8)
  An ice beast (D:5)
  2 orc warriors
  3 sky beasts
  An ogre (D:5)
  A lemure (D:5)
  2 centaurs
  2 phantoms
  2 kobold brigands (D:10)
  A gnoll sergeant (D:5)
  2 bullfrogs
  2 scorpions
  5 water moccasin zombies (Ossuary)
  A water moccasin skeleton (D:5)
  9 killer bees
  2 howler monkeys
  6 wights
  3 orc priests
  A bullfrog zombie (D:6)
  2 hounds
  3 jellies
  A centaur skeleton (D:4)
  3 gnoll shamans
  2 bullfrog skeletons
  4 iguanas
  Natasha (thrice) (D:2)
  5 orc wizards
  A killer bee zombie (D:6)
  A hound skeleton (D:4)
  2 mummies (Ossuary)
  Robin (D:2)
  3 adders
  17 gnolls
  2 white imps
  An ufetubus (D:6)
  2 adder zombies (Ossuary)
  2 worms
  2 dart slugs (D:2)
  28 orcs
  9 endoplasms
  2 giant cockroaches
  7 gnoll zombies (Ossuary)
  18 goblins
  8 hobgoblins
  4 jackals (D:2)
  9 ball pythons
  A ball python skeleton (D:2)
  4 bats
  2 frilled lizards (D:1)
  7 hobgoblin zombies (Ossuary)
  14 kobolds
  3 kobold zombies (Ossuary)
  9 orc zombies (Ossuary)
  2 quokka zombies (D:6)
  4 rats
247 creatures vanquished.

Notes
Turn   | Place    | Note
-------+----------+-------------------------------------------
     0 | D:1      | PublicAnimeNo1 the Palentonga Fighter began the quest for
                  | the Orb.
     0 | D:1      | Reached XP level 1. HP: 19/19 MP: 1/1
   111 | D:1      | Reached XP level 2. HP: 25/25 MP: 2/2
   475 | D:2      | Found a faded altar of an unknown god.
   502 | D:2      | Prayed at the altar of an unknown god.
   502 | D:2      | Became a worshipper of Qazlal Stormbringer
   502 | D:2      | Reached * piety under Qazlal
   511 | D:2      | Noticed Natasha
   521 | D:2      | Killed Natasha
   522 | D:2      | Reached XP level 3. HP: 3/31 MP: 3/3
   537 | D:2      | Noticed Natasha
   810 | D:2      | Killed Natasha
   811 | D:2      | Reached skill level 3 in Axes
   811 | D:2      | Reached XP level 4. HP: 12/37 MP: 4/4
  1345 | D:2      | Reached ** piety under Qazlal
  1396 | D:2      | Noticed Natasha
  1401 | D:2      | Killed Natasha
  1571 | D:2      | Noticed Robin
  1575 | D:2      | Killed Robin
  1576 | D:2      | Reached XP level 5. HP: 40/44 MP: 5/5
  2164 | D:3      | Noticed Grinder
  2172 | D:3      | Killed Grinder
  2173 | D:3      | Reached skill level 4 in Axes
  2173 | D:3      | Reached XP level 6. HP: 40/51 MP: 6/6
  2558 | D:3      | Found a blossoming altar of Fedhas.
  2578 | D:3      | Noticed an oklob plant
  2857 | D:4      | Found a broken altar of Ashenzari.
  3423 | D:4      | Reached skill level 5 in Axes
  3445 | D:4      | Gained mutation: You curl defensively after being hit. (AC
                  | +7*) [Palentonga growth]
  3445 | D:4      | Reached XP level 7. HP: 54/58 MP: 7/7
  3452 | D:4      | Gained mutation: You sometimes lose the ability to read
                  | scrolls when taking damage. [potion of mutation]
  3452 | D:4      | Gained mutation: You expend magic power (3 MP) to
                  | strengthen your wands. [potion of mutation]
  3452 | D:4      | Gained mutation: You are frail. (-10% HP) [potion of
                  | mutation]
  3452 | D:4      | Gained mutation: Your spells are a little harder to cast,
                  | but a little more powerful. [potion of mutation]
  3533 | D:4      | Lost mutation: You sometimes lose the ability to read
                  | scrolls when taking damage. [potion of mutation]
  3533 | D:4      | Lost mutation: Your spells are a little harder to cast, but
                  | a little more powerful. [potion of mutation]
  3533 | D:4      | Gained mutation: You have a pair of small horns on your
                  | head. [potion of mutation]
  3533 | D:4      | Gained mutation: You possess an exceptional clarity of
                  | mind. [potion of mutation]
  3533 | D:4      | Gained mutation: You have an increased reservoir of magic.
                  | (+10% MP) [potion of mutation]
  3976 | D:5      | Entered Level 5 of the Dungeon
  3978 | D:5      | Noticed Pikel
  3992 | D:5      | Killed Pikel
  3993 | D:5      | Reached skill level 5 in Fighting
  3993 | D:5      | Reached skill level 6 in Axes
  3993 | D:5      | Reached XP level 8. HP: 50/60 MP: 5/8
  4457 | D:5      | Found a radiant altar of Vehumet.
  4579 | D:5      | Reached skill level 7 in Axes
  4584 | D:5      | Reached skill level 1 in Invocations
  4702 | D:5      | Reached *** piety under Qazlal
  4718 | D:5      | Found a staircase to the Ecumenical Temple.
  5264 | D:6      | Lost mutation: You are frail. (-10% HP) [potion of
                  | mutation]
  5264 | D:6      | Lost mutation: You possess an exceptional clarity of mind.
                  | [potion of mutation]
  5264 | D:6      | Lost mutation: You expend magic power (3 MP) to strengthen
                  | your wands. [potion of mutation]
  5264 | D:6      | Gained mutation: Your tail ends in a venomous barb. [potion
                  | of mutation]
  5264 | D:6      | Gained mutation: You are partially covered in iridescent
                  | scales. (AC +2) [potion of mutation]
  5422 | D:6      | Found a hazy altar of Hepliaklqana.
  5478 | D:6      | Found a sand-covered staircase.
  5491 | Ossuary  | Entered an ossuary
  5573 | Ossuary  | Reached **** piety under Qazlal
  5574 | Ossuary  | Reached XP level 9. HP: 68/73 MP: 11/11
  5622 | Ossuary  | Reached skill level 5 in Armour
  5839 | D:6      | Found Udunu's Armour Emporium.
  5842 | D:6      | Found Wevungeu's Distillery.
  5843 | D:6      | Found Kavvimyc's Assorted Antiques.
  5844 | D:6      | Found Zoplej's Armour Emporium.
  5854 | D:6      | Reached skill level 5 in Shields
  6383 | D:7      | Reached skill level 8 in Axes
  7263 | D:8      | Noticed Psyche
  7267 | D:8      | Killed Psyche
  7370 | D:8      | Reached ***** piety under Qazlal
  7436 | D:8      | Reached skill level 9 in Axes
  7484 | D:8      | Found a basalt altar of Yredelemnul.
  7686 | D:8      | Found a runed translucent gate.
  7687 | D:8      | Found a runed translucent gate.
  7688 | D:8      | Found a runed translucent gate.
  7691 | D:8      | Noticed jonnos's ghost (novice DrCj)
  7817 | D:8      | Identified the +4 mace "Kuerujua" {venom, rElec rF+ rN+
                  | SInv}
  8145 | D:8      | Found a viscous altar of Jiyva.
  8262 | D:9      | Reached XP level 10. HP: 53/82 MP: 14/14
  8539 | D:9      | Identified a scroll of acquirement
  8539 | D:9      | Acquired a manual of Maces & Flails
  8565 | D:9      | Found a shimmering altar of Xom.
  8677 | D:9      | Reached skill level 1 in Maces & Flails
  9885 | D:10     | Entered Level 10 of the Dungeon
  9885 | D:10     | Noticed a two-headed ogre
  9891 | D:10     | Killed a two-headed ogre
  9892 | D:10     | Reached skill level 10 in Axes
 10044 | D:10     | Found a staircase to the Lair.
 10095 | D:10     | Noticed Snorg
 10107 | D:10     | HP: 1/85 [Snorg (7)]
 10108 | D:10     | Mangled by Snorg

Illustrated notes

Levels and vault maps discovered:
D:1:      dpeg_arrival_fog, layout_rooms
D:2:      minmay_evil_eye, layout_loops_ring, hellmonk_ecumenical_altar_run_dry,
          minmay_randomly_rotated_circles, uniq_robin, uniq_natasha
D:3:      layout_rooms, tgw_fedhas, uniq_grinder
D:4:      layout_loops_corners, ashenzari_conservatory_becter,
          amcnicky_mini_pool_small, eino_curves_02, minmay_starry_boxes
D:5:      layout_basic, mainiacjoe_overflow_paths, minmay_temple_entry_ruins,
          minmay_ogre_servants, uniq_pikel
D:6:      layout_gridville, mainiacjoe_overflow_small_starburst,
          enter_ossuary_4, nicolae_wooded_promenade
D:7:      layout_basic, chequers_garden, kennysheep_decorative_pillar
D:8:      layout_layer_cave, mainiacjoe_overflow_catwalk, gammafunk_ghost_ooze,
          uniq_psyche
D:9:      layout_irregular_city, dk_xom_monty_hall
D:10:     layout_long_grid, dpeg_oklobed_lair, uniq_snorg

Skill      XL: |  1  2  3  4  5  6  7  8  9 10 |
---------------+-------------------------------+-----
Axes           | 3 4 5 6 7 9 10 | 10.5
Armour         | 3 4 5 |  5.9
Shields        | 3 4 5 |  5.8
Fighting       | 4 5 6 8 |  8.1
Invocations    | 2 4 |  4.8
Maces & Flails | 2 |  2.2

Action                   |  1- 3 |  4- 6 |  7- 9 | 10-12 || total
-------------------------+-------+-------+-------+-------++-------
Melee: War axe           |    63 |   120 |   296 |    13 ||   492
       Tailslap          |     2 |    16 |    44 |     9 ||    71
       Headbutt          |       |       |    70 |    19 ||    89
       Whip              |       |       |    49 |    26 ||    75
       Battleaxe         |       |       |       |    47 ||    47
Invok: Upheaval          |       |       |       |     2 ||     2
 Abil: Rolling Charge    |     7 |    24 |    33 |    11 ||    75
Evoke: Wand              |       |       |     2 |     2 ||     4
  Use: Scroll            |       |     4 |     6 |     6 ||    16
       Potion            |       |     1 |     9 |       ||    10
 Stab: Distracted        |       |     1 |       |       ||     1
Armor: Scale mail        |    29 |    41 |   111 |    36 ||   217
Dodge: Dodged            |    18 |    28 |   131 |    46 ||   223
Block: Buckler           |    15 |    24 |   159 |       ||   198
       Kite shield       |       |       |    12 |    25 ||    37
       Other             |       |       |       |    17 ||    17

Table legend: (Time is in decaauts)
 A = Elapsed time spent in this place.
 B = Non-inter-level travel time spent in this place.
 C = Inter-level travel time spent in this place.
 D = Time resting spent in this place.
 E = Time spent auto-exploring this place.
 F = Levels seen in this place.
 G = Mean time per level.
                   A        B        C        D        E       F      G
               +--------+--------+--------+--------+--------+-----+--------+
         Total |  10211 |   9842 |    369 |   2175 |   6206 |  11 |  928.3 |
       Dungeon |   9956 |   9587 |    369 |   2175 |   6052 |  10 |  995.6 |
       Ossuary |    254 |    254 |      0 |      0 |    154 |   1 |  254.0 |
               +--------+--------+--------+--------+--------+-----+--------+

Top non-repeatable levels by time:
     D:4: 1711 daAuts
     D:2: 1662 daAuts
     D:9: 1649 daAuts
     D:8: 1185 daAuts
     D:6: 977 daAuts
     D:5: 787 daAuts
     D:7: 691 daAuts
     D:3: 637 daAuts
     D:1: 426 daAuts
 Ossuary: 254 daAuts
    D:10: 227 daAuts
